AoeStats
← AxD | Cad Bane

African Clearing

506958196Analyzed
4v4 RM · 16d ago on Sep 15, 2026· 44m 10s· 8 players
Game mode
Random Map
Map size
Large (8 player)
Population
200
Speed
Normal
Resources
Standard
Victory
Conquest
Starting age
Dark Age
Ending age
Imperial Age
RankedLock teamsTeams togetherTeam positionsShared explorationLock speedFull tech treeHidden civsTurbo modeCheats
Victory
Defeat
1670
+14
🇨🇿 Malay · Czechia
1513
+21
🇲🇽 Saracens · Mexico
1511
+21
🇵🇪 Dravidians · Peru
1450
+23
🇨🇱 Bulgarians · Chile
1672
-22
🇸🇻 Berbers · El Salvador
1638
-20
🇦🇷 Vietnamese · Argentina
1591
-19
🇦🇷 Franks · Argentina
1583
-18
Kustilier
6:15 Loom
15:53 Feudal Age
16:03 Feudal Age
19:20 Castle Age
17:15 Fishing Lines
17:34 Double-Bit Axe
18:52 Gillnets
20:30 Town Watch
20:56 Bow Saw
21:29 Horse Collar
23:27 Heavy Plow
23:18 Gold Mining
25:02 Wheelbarrow
25:23 Stone Mining
27:52 Fletching
29:03 Guard Tower
30:43 Bodkin Arrow
30:58 Forging
31:45 Gold Shaft Mining
31:45 Stone Shaft Mining
32:04 Hand Cart
35:02 Imperial Age
32:45 Scale Barding Armor
33:30 Stone Shaft Mining
33:08 Forging
34:50 Conscription
35:03 Bracer
35:09 Husbandry
36:59 Iron Casting
36:11 Elite Battle Elephant
38:00 Crop Rotation
37:08 Light Cavalry
38:50 Blast Furnace
38:22 Coinage
39:03 Chemistry
39:52 Banking
39:56 Ballistics
40:14 Masonry
40:09 Siege Engineers
40:18 Treadmill Crane
45:13 Keep
CTM | Pentrus
8:53 Loom
11:46 Feudal Age
14:39 Fletching
16:48 Padded Archer Armor
25:07 Castle Age
24:19 Double-Bit Axe
25:23 Elite Skirmisher
26:00 Bodkin Arrow
27:36 Horse Collar
28:41 Wheelbarrow
33:35 Ballistics
42:15 Bow Saw
42:05 Heavy Plow
CTM | Lelouch Jogo Bonito
12:39 Feudal Age
12:33 Loom
16:13 Castle Age
14:45 Double-Bit Axe
22:42 Squires
25:22 Arson
36:16 Herbal Medicine
38:05 Forging
37:48 Horse Collar
39:49 Tigui
40:06 Scale Mail Armor
41:33 Chain Mail Armor
41:51 Ballistics
43:11 Wheelbarrow
43:55 Scale Barding Armor
44:25 Iron Casting
45:02 Hand Cart
CTM Nitto
10:38 Loom
13:13 Feudal Age
18:27 Castle Age
16:56 Double-Bit Axe
17:16 Gold Mining
18:18 Stone Mining
23:14 Fletching
23:32 Horse Collar
27:31 Husbandry
27:41 Bloodlines
29:56 Forging
31:08 Scale Barding Armor
36:16 Fletching
36:48 Chain Barding Armor
37:03 Iron Casting
43:07 Imperial Age
41:47 Iron Casting
43:32 Bow Saw
44:13 Wheelbarrow
AxD | Cad Bane
4:40 Loom
13:22 Feudal Age
13:51 Double-Bit Axe
16:03 Wheelbarrow
15:36 Scale Barding Armor
16:10 Forging
21:45 Castle Age
19:49 Gold Mining
21:12 Bloodlines
23:46 Chain Barding Armor
24:08 Bow Saw
23:43 Horse Collar
25:37 Husbandry
29:22 Wheelbarrow
32:46 Stone Mining
32:59 Heavy Plow
34:04 Iron Casting
34:06 Hand Cart
33:36 Town Watch
38:57 Imperial Age
39:37 Stone Shaft Mining
39:38 Gold Shaft Mining
39:05 Stirrups
39:11 Cavalier
40:27 Plate Barding Armor
40:20 Conscription
42:12 Blast Furnace
43:20 Fletching
AxD | Kurumi 002
3:14 Loom
12:14 Feudal Age
13:07 Double-Bit Axe
15:08 Fletching
20:39 Castle Age
19:56 Padded Archer Armor
22:53 Bodkin Arrow
30:30 Leather Archer Armor
Cronos
8:44 Loom
11:32 Feudal Age
12:18 Double-Bit Axe
18:16 Wheelbarrow
22:54 Castle Age
22:42 Scale Barding Armor
32:10 Fletching
32:58 Ballistics
33:07 Crossbowman
33:44 Gold Mining
40:42 Imperial Age
39:57 Gold Shaft Mining
40:53 Fortified Wall
42:27 Chemistry
41:59 Padded Archer Armor
41:56 Bodkin Arrow
44:18 Leather Archer Armor
AxD | MatrixWars
9:57 Loom
12:54 Feudal Age
13:24 Double-Bit Axe
13:44 Town Watch
14:37 Horse Collar
16:39 Padded Archer Armor
17:46 Fletching
23:02 Castle Age
22:10 Scale Mail Armor
22:45 Stone Mining
22:45 Gold Mining
23:18 Elite Skirmisher
24:14 Bodkin Arrow
28:09 Squires
31:20 Ballistics
33:03 Leather Archer Armor
36:02 Wheelbarrow
42:03 Imperial Age
41:30 Stone Mining
Connection lost

Rejoining the realm…

Still unreachable

The connection could not be restored.

Session expired

The server has moved on; the page needs a fresh start.